 Dungeon Crawl Stone Soup version 0.20-a0-513-g02c11fc (webtiles) character file.

573581 dvd the Peltast (level 26, -13/295 HPs)
             Began as a Troll Berserker on Jan 22, 2017.
             Was the Champion of the Shining One.
             Mangled by a stone giant (24 damage)
             ... created by the rage of Trog
             ... on level 3 of the Crypt.
             The game lasted 05:28:28 (64152 turns).

dvd the Peltast (Troll Berserker)                  Turns: 64152, Time: 05:28:28

Health: -13/295    AC: 30    Str: 32      XL:     26   Next: 20%
Magic:  27/27      EV: 10    Int:  3      God:    the Shining One [******]
Gold:   6821       SH: 21    Dex: 14 (17) Spells: 25/25 levels left

rFire    + + +     SeeInvis +   c - +9 war axe (elec)
rCold    + . .     Gourm    +   h - +3 gold dragon scales
rNeg     + + +     Faith    .   n - +2 shield of Resistance {rF+ rC+ MR+}
rPois    +         Spirit   .   S - +0 mask of the Dragon {MR+ Slay+3 SInv}
rElec    .         Reflect  +   P - +2 cloak
rCorr    +         Harm     .   (gloves unavailable)
MR       +++++                  (boots unavailable)
Stlth    ..........             x - +3 amulet of reflection
Regen    1.0/turn               H - ring of Lurghe Reiroa {Fire Slay+3 SInv}
                                B - ring of Heuxoet {rCorr rN+ MR++ Slay-2}

@: glowing
A: unfitting armour, claws 3, horns 1, talons 1, see invisible, fast metabolism
3, gourmand, high mp 1, magic resistance 2, regeneration 1, robust 1, shaggy fur
1, tough skin 2
}: 2/15 runes: serpentine, barnacled
a: Divine Shield, Cleansing Flame, Summon Divine Warrior, Brand Weapon With Holy
Wrath, Renounce Religion


You were on level 3 of the Crypt.
You worshipped the Shining One.
The Shining One was exalted by your worship.
You were not hungry.

You visited 10 branches of the dungeon, and saw 47 of its levels.
You visited the Abyss 1 time.
You visited 1 bazaar.
You also visited: Labyrinth, Trove, Ossuary, Bailey, Ice Cave and Desolation.

You collected 7571 gold pieces.
You spent 750 gold pieces at shops.

Inventory:

Hand Weapons
 a - a +4 morningstar of holy wrath
 b - a +9 antimagic eveningstar
 c - a +9 war axe of electrocution (weapon)
 d - the +8 mace of Past Mistakes {crush, rC+ MP+9}
   (You found it in the Desolation of Salt)

   It inflicts extra damage upon your enemies.
   It protects you from cold.
   It affects your magic capacity (+9).
 L - the +9 trident "Zasetz" {distort, +Blink rC+ Str+4}
   (You found it on level 4 of the Depths)

   It warps and distorts space around it.
   Unwielding it can cause banishment or high damage.
   It affects your strength (+4).
   It protects you from cold.
   It lets you blink.
Missiles
 y - 38 javelins of penetration
 A - 22 javelins of returning
 C - 91 large rocks (quivered)
 G - 19 steel javelins
 Q - 62 tomahawks of returning
 V - 24 silver javelins
Armour
 h - +3 gold dragon scales (worn)
 n - the +2 shield of Resistance (worn) {rF+ rC+ MR+}
   (You found it in a treasure trove)

   It protects you from fire.
   It protects you from cold.
   It affects your resistance to hostile enchantments.
 v - the +1 cloak "Nahada" {-Tele rCorr Slay+2 SInv}
   (You found it in a treasure trove)

   It affects your accuracy and damage with ranged weapons and melee attacks
   (+2).
   It lets you see invisible.
   It prevents most forms of teleportation.
   It protects you from acid and corrosion.
 w - a +5 shield of reflection
 E - the +2 faerie dragon scales {rCorr Slay+3}
   (You took it off the Enchantress on level 2 of the Depths)

   It affects your accuracy and damage with ranged weapons and melee attacks
   (+3).
   It protects you from acid and corrosion.
 P - a +2 cloak (worn)
 S - the +0 mask of the Dragon (worn) {MR+ Slay+3 SInv}
   (You found it in a labyrinth)

   It affects your accuracy and damage with ranged weapons and melee attacks
   (+3).
   It affects your resistance to hostile enchantments.
   It lets you see invisible.
Jewellery
 x - a +3 amulet of reflection (around neck)
 B - the ring of Heuxoet (left claw) {rCorr rN+ MR++ Slay-2}
   (You found it on level 15 of the Dungeon)

   [ring of resist corrosion]

   It affects your accuracy and damage with ranged weapons and melee attacks
   (-2).
   It protects you from negative energy.
   It affects your resistance to hostile enchantments.
 H - the ring of Lurghe Reiroa (right claw) {Fire Slay+3 SInv}
   (You acquired it on level 2 of the Elven Halls)

   [ring of fire]

   It enhances your fire magic.
   It affects your accuracy and damage with ranged weapons and melee attacks
   (+3).
   It protects you from fire.
   It makes you vulnerable to cold.
   It lets you see invisible.
 J - the amulet "Fiephosu" {RegenMP rElec MR+ Int-3}
   (You found it on level 1 of the Shoals)

   [amulet of magic regeneration]

   It increases your magic regeneration.
   It affects your intelligence (-3).
   It insulates you from electricity.
   It affects your resistance to hostile enchantments.
Wands
 k - a wand of iceblast (6/15)
 z - a wand of lightning (8/15)
 D - a wand of scattershot (3/9)
 N - a wand of acid (8/15)
 O - a wand of digging (10/24)
 X - a wand of clouds (5/9)
Scrolls
 i - 7 scrolls of teleportation
 q - 8 scrolls of identify
 s - 18 scrolls of remove curse
 t - 3 scrolls of recharging
 I - a scroll of magic mapping
 R - 7 scrolls of fog
 U - a scroll of holy word
 Y - 4 scrolls of blinking
Potions
 e - 12 potions of heal wounds
 f - a potion of magic
 g - 15 potions of curing
 l - 3 potions of might
 o - 2 potions of flight
 p - a potion of cancellation
 u - 9 potions of haste
 K - 2 potions of invisibility
 T - 2 potions of cure mutation
 W - 3 potions of resistance
Miscellaneous
 r - a lightning rod (4/4)
Comestibles
 j - 24 meat rations
 m - 26 bread rations
 F - 26 fruits
 M - 6 royal jellies


   Skills:
 + Level 16.9 Fighting
 + Level 13.3(17.0) Axes
 + Level 18.5(20.1) Maces & Flails
 + Level 3.5(9.5) Polearms
 + Level 15.2 Throwing
 * Level 16.2 Armour
 + Level 11.3 Dodging
 + Level 3.0 Stealth
 + Level 18.8 Shields
 * Level 3.5 Invocations
 + Level 1.5 Evocations


You had 25 spell levels left.
You didn't know any spells.

Dungeon Overview and Level Annotations

Branches:
Dungeon (15/15)            Temple (1/1) D:6            Lair (6/6) D:8
 Shoals (4/4) Lair:2        Snake (4/4) Lair:4        Slime (0/5) Lair:5
    Orc (2/2) D:11            Elf (3/3) Orc:2        Vaults (4/5) D:14
  Crypt (3/3) Vaults:3       Tomb (0/3) Crypt:3      Depths (5/5) D:15
    Zot (0/5) Depths:5

Altars:
Ashenzari
Cheibriados
Dithmenos
Elyvilon
Fedhas
Gozag
Hepliaklqana
Kikubaaqudgha
Makhleb
Nemelex Xobeh
Okawaru
Qazlal
Ru
Sif Muna
Trog
Uskayaw
Vehumet
Xom
Yredelemnul
Zin
The Shining One
Jiyva

Shops:
D:7 %   D:10 :=   Orc:2 [=:!!   Snake:2 %   Snake:3 !   Snake:4 ?[?:
Vaults:1 (   Depths:1 (   Depths:2 %

Portals:
Hell: Depths:1 Depths:2 Depths:3 Depths:4 Depths:5
Abyss: Depths:3 Depths:4
Pandemonium: Depths:1 Depths:3
Ziggurat: Depths:1


Innate Abilities, Weirdness & Mutations

You are too large for most types of armour.
You have claws for hands.
Your metabolism is lightning-fast.
You like to eat raw meat.
Your natural rate of healing is unusually fast.
You are covered in fur. (AC +1)
You have very tough skin. (AC +2)
You have a pair of small horns on your head.
You have sharp toenails.
You have supernaturally acute eyesight. (SInv)
You have an increased reservoir of magic. (+10% MP)
You are highly resistant to hostile enchantments. (MR++)
You are robust. (+10% HP)


Message History

You headbutt the stone giant!
The stone giant is moderately wounded.
You hit the polar bear but do no damage.
You hit the stone giant. You slash the stone giant!
There is a sudden explosion of sparks!
You block the polar bear's attack. The polar bear closely misses you.
You block the polar bear's attack. The stone giant hits you!!!
* * * LOW HITPOINT WARNING * * *
The stone giant closely misses you.
The stone giant hits you but does no damage.
You slice the polar bear!!
The polar bear is severely wounded.
You slash the stone giant!
You hit the stone giant but do no damage.
You hit the stone giant. You block the polar bear's attack.
The polar bear claws you but does no damage.
The polar bear claws you.
* * * LOW HITPOINT WARNING * * *
You block the stone giant's attack. The stone giant hits you!!
You die...

.....8...........8......♣..♣..♣
♣♣ ............8.........♣♣....♣♣
<♣ ......8...........8..♣♣..♣.♣♣
.♣♣♣♣......##'''##.....♣♣.♣...♣
...♣♣♣♣♣...#.....#♣♣♣♣♣♣...♣..♣♣♣
.♣..♣♣.♣♣♣♣###.### ♣.....♣...♣...
...♣....♣♣####'####♣.♣P♣........♣
..♣...♣..♣#....h..#....♣..♣....♣.
P...♣..♣..#....C@C#.......#..♣...
....P.♣...#.....C.#.......#...♣.♣
P.........#.......#.P.#.###.##..♣
...♣.P....#...>...#.......#....♣♣
......P...#########......♣#..♣..♣
..........................#.....♣
.......P......###.####......♣.♣♣♣
###########P..#(...............♣
#...#.####....♣..♣..♣♣


You could see 3 stone giants and a polar bear (berserk).

Vanquished Creatures
  A greater mummy (Crypt:3)
  Bai Suzhen (Depths:1)
  A caustic shrike (Depths:3)
  3 golden dragons
  4 liches
  The ghost of TotoDurand the Fencer, an adept FoFi of Makhleb (Desolation)
  A tentacled monstrosity (Depths:3)
  An Ice Fiend (IceCv)
  Asterion (Snake:3)
  2 shard shrike skeletons (Crypt:1)
  A titan (Depths:3)
  3 deep elf blademasters
  2 ancient champions (Crypt:1)
  A deep elf master archer (Elf:3)
  Gastronok (D:9)
  Frances (Snake:1)
  5 sphinxes
  2 krakens
  7 tengu reavers
  A tentacled starspawn (Abyss:2)
  3 shadow dragons (Depths:5)
  2 draconian monks (Depths:5)
  Ilsuiw (Shoals:4)
  6 nagarajas (Snake:4)
  2 revenants (Vaults:3)
  2 storm dragons
  11 fire giants
  4 deep elf sorcerers
  8 frost giants
  12 vault wardens
  An orc warlord (Orc:2)
  An iron dragon (Depths:1)
  2 draconian shifters (Depths:4)
  A draconian knight (Depths:4)
  A curse skull (Crypt:2)
  An imperial myrmidon (Desolation)
  3 deep elf elementalists (Elf:3)
  A ghoul (Crypt:1)
  2 draconian stormcallers (Depths:4)
  30 very ugly things
  16 ironheart preservers
  A reaper (Crypt:2)
  6 spriggan defenders
  18 stone giants
  A war gargoyle (Vaults:4)
  3 vampire knights
  2 entropy weavers
  Azrael (D:12)
  2 green draconians (Depths:5)
  The ghost of HEYYEYAAE the Bludgeoner, a journeyman TrBe of Trog (D:15)
  16 deep elf annihilators
  6 deep elf demonologists
  A halazid warlock (Desolation)
  A purple draconian (Depths:5)
  The ghost of Feta the Blocker, a journeyman HOFi of Ashenzari (Orc:2)
  A spark wasp (shapeshifter) (Vaults:1)
  5 spark wasps
  3 deep elf death magi (Elf:3)
  13 eidola
  5 merfolk javelineers
  A crystal guardian (Desolation)
  7 ragged hierophants
  14 yaktaur captains
  6 fire dragons
  9 jiangshi
  17 ettins
  2 deep elf high priests (Elf:3)
  10 merfolk impalers
  A minotaur (Lab)
  Josephine (Lair:5)
  5 servants of whispers (Desolation)
  16 vault guards
  9 great orbs of eyes
  7 spriggan air magi
  5 rakshasas
  8 hydras
  12 naga warriors
  An alligator snapping turtle (Shoals:3)
  6 peacekeepers (Desolation)
  9 centaur warriors
  9 ice dragons
  2 catoblepae (Depths:1)
  13 anacondas
  7 death knights
  59 two-headed ogres
  2 merfolk aquamancers (Shoals:4)
  6 merfolk avatars
  2 satyrs
  6 death yaks (Lair:6)
  4 deep troll shamans
  18 ogre magi
  6 vampire magi
  11 tengu warriors
  30 dancing weapons
  13 deep troll earth magi
  10 naga sharpshooters
  6 shock serpents
  2 thrashing horrors (Abyss:2)
  Nergalle (Orc:1)
  Urug (D:12)
  2 titan zombies
  Sonja (D:13)
  2 soul eaters
  2 spriggan berserkers (Depths:5)
  23 deep elf knights
  3 shadow wraiths
  3 salamander mystics
  15 small abominations
  A storm dragon zombie (Depths:1)
  A titan skeleton (Depths:1)
  15 sea snakes
  15 hell knights
  16 skeletal warriors
  A sixfirhy (Abyss:2)
  3 wretched stars (Abyss:2)
  A fire crab (Depths:1)
  A golden dragon zombie (Crypt:3)
  2 glowing orange brains
  5 naga ritualists
  26 deep trolls
  3 starcursed masses (Abyss:2)
  An anaconda zombie (Crypt:1)
  A kraken simulacrum (Shoals:4)
  A glowing orange brain (shapeshifter) (Depths:3)
  8 unseen horrors
  3 death drakes
  6 flayed ghosts
  A deep troll (shapeshifter) (Vaults:2)
  13 phantasmal warriors
  19 ironbrand convokers
  17 large abominations
  13 wizards
  15 harpies
  An iron giant skeleton (Crypt:1)
  22 deep elf archers
  A wolf spider zombie (Crypt:3)
  9 wolf spiders
  5 lindwurms
  4 orc sorcerers
  A stone giant zombie (Depths:2)
  9 orc knights
  16 necromancers
  A fire giant zombie (Crypt:3)
  85 deep elf magi
  40 ugly things
  An iron dragon zombie (Crypt:3)
  10 mana vipers
  A wolf spider (shapeshifter) (Depths:2)
  27 slime creatures
  2 frost giant zombies
  16 fauns
  2 worldbinders (Abyss:2)
  12 cyclopes
  An oklob plant (Lair:4)
  18 elephants
  7 salamanders
  15 manticores
  4 guardian serpents
  2 shock serpent zombies
  A fire giant skeleton (Crypt:1)
  2 stone giant skeletons
  A black mamba (shapeshifter) (D:14)
  32 black mambas
  An ice statue (IceCv)
  10 merfolk sirens
  Psyche (D:11)
  A gargoyle (D:14)
  2 smoke demons (Abyss:2)
  An apocalypse crab (Abyss:2)
  15 naga magi
  18 vault sentinels
  7 molten gargoyles
  3 water nymphs (Shoals:4)
  A centaur zombie (D:14)
  An emperor scorpion zombie (Crypt:1)
  A demonic crawler (Abyss:2)
  14 freezing wraiths
  2 rime drakes (Depths:4)
  13 spiny frogs
  8 komodo dragons
  59 yaktaurs
  2 yaktaurs (shapeshifter)
  2 hellwings (Abyss:2)
  A red draconian skeleton (Crypt:1)
  2 guardian mummies (Crypt:3)
  4 anaconda simulacra (IceCv)
  A golden dragon simulacrum (IceCv)
  4 ice devils
  2 yaktaur skeletons
  2 tengu conjurers
  4 ancient zymes (Abyss:2)
  A grey draconian skeleton (Crypt:2)
  A harpy zombie (Crypt:3)
  15 trolls
  25 merfolk
  A meliai (shapeshifter) (Depths:5)
  2 jumping spiders (Vaults:3)
  A troll (shapeshifter) (D:15)
  2 wind drakes
  A minotaur zombie (Lab)
  A hydra zombie (Crypt:3)
  15 hornets
  A wolf spider simulacrum (IceCv)
  10 polar bears
  A guardian serpent zombie (Crypt:1)
  A shadow dragon simulacrum (Crypt:2)
  41 saltlings
  8 blink frogs
  2 bog bodies (Crypt:1)
  4 fire dragon zombies
  7 raiju (Abyss:2)
  13 snapping turtles
  A snapping turtle (shapeshifter) (Vaults:1)
  3 ice dragon zombies (Crypt:3)
  4 dream sheep
  10 hippogriffs
  An ice dragon skeleton (Depths:1)
  A frost giant simulacrum (Crypt:2)
  A stone giant simulacrum (Depths:2)
  A black mamba zombie (Crypt:3)
  A shock serpent simulacrum (Crypt:2)
  3 flying skulls (Crypt:1)
  14 air elementals
  2 yaks (shapeshifter)
  5 redbacks
  5 shadows
  23 water elementals
  5 wyverns
  18 humans (D:14)
  A tarantella (shapeshifter) (Depths:4)
  42 yaks
  An ushabti (Crypt:3)
  7 basilisks
  An ettin skeleton (Depths:2)
  A tarantella (Depths:1)
  12 wraiths
  Eustachio (D:6)
  17 spriggans
  A dire elephant simulacrum (IceCv)
  7 fire elementals
  2 humans (shapeshifter)
  2 golden eyes (Depths:1)
  5 hungry ghosts
  A neqoxec (Abyss:2)
  A black mamba skeleton (Crypt:2)
  4 vampire mosquitoes (D:13)
  4 chaos spawn
  2 spatial vortices (Abyss:2)
  A merfolk zombie (Crypt:3)
  3 harpy simulacra (IceCv)
  4 iron troll simulacra (IceCv)
  52 nagas
  3 hell hounds (D:12)
  2 acid dragons (Vaults:2)
  5 wargs
  2 soldier ants
  3 hydra simulacra
  A torturous demonspawn skeleton (Crypt:1)
  11 water moccasins
  7 porcupines
  A torturous demonspawn zombie (Crypt:2)
  2 floating eyes
  39 orc warriors
  A hornet zombie (D:15)
  A deep troll simulacrum (Depths:1)
  9 sky beasts
  2 swamp dragon zombies (Crypt:3)
  4 ice beasts
  3 black bears
  24 boggarts
  A swamp drake (Depths:4)
  An alligator simulacrum (IceCv)
  A necrophage (Crypt:1)
  53 ogres
  2 eyes of draining
  34 wolves
  22 centaurs
  A fire dragon simulacrum (Depths:1)
  2 phantoms
  A manticore zombie (Crypt:2)
  11 crocodiles
  A yaktaur zombie (Depths:1)
  5 big kobolds
  2 elf zombies
  25 bullfrogs
  2 glowing shapeshifter simulacra
  An elf skeleton (D:5)
  5 earth elementals
  2 water moccasin zombies (Ossuary)
  7 scorpions
  3 wyvern skeletons
  3 killer bees (D:11)
  A swamp dragon simulacrum (IceCv)
  2 elephant simulacra (IceCv)
  22 wights
  7 howler monkeys
  8 electric eels
  3 bullfrog zombies
  8 crimson imps
  2 lava snakes
  3 draconian simulacra (IceCv)
  13 hounds
  5 quasits
  30 orc priests
  7 jellies
  3 centaur skeletons
  2 iron imps
  A water moccasin simulacrum (D:9)
  A human skeleton (D:5)
  A soldier ant zombie (Crypt:1)
  8 worker ants
  2 troll simulacra (IceCv)
  2 iguanas
  20 orc wizards
  A spriggan simulacrum (IceCv)
  A porcupine skeleton (Crypt:2)
  A wolf simulacrum (IceCv)
  2 killer bee zombies
  2 big kobold zombies (Ossuary)
  3 centaur simulacra
  A hound zombie (D:6)
  2 hound skeletons
  A howler monkey zombie (D:8)
  2 mummies (Ossuary)
  7 gnolls
  A howler monkey skeleton (D:4)
  3 naga simulacra (IceCv)
  11 adders
  4 ogre simulacra (IceCv)
  A hound simulacrum (D:9)
  6 shadow imps
  13 white imps
  8 ufetubi
  2 oozes (Lair:5)
  An adder skeleton (D:6)
  7 adder zombies (Ossuary)
  3 worms
  2 dart slugs (D:1)
  4 leopard geckos
  89 orcs
  A ball python (D:6)
  4 giant cockroaches
  2 gnoll zombies (D:4)
  13 goblins
  13 hobgoblins
  14 jackals
  6 quokkas
  6 bats
  9 frilled lizards
  4 hobgoblin zombies (Ossuary)
  49 kobolds
  3 kobold zombies (Ossuary)
  A leopard gecko zombie (D:5)
  2 orc skeletons (D:5)
  3 orc zombies
  9 rats
  A river rat skeleton (Crypt:1)
  2 crawling corpses (Elf:3)
  A lurking horror (Abyss:2)
  5 plants
  A starspawn tentacle (Abyss:2)
  5 tentacles
2571 creatures vanquished.

Vanquished Creatures (collateral kills)
  Sojobo (Vaults:3)
  Saint Roka (Snake:2)
  the Enchantress (Depths:2)
  A deep elf master archer (Elf:3)
  2 shadow dragons
  A nagaraja (Snake:4)
  2 imperial myrmidons (Desolation)
  A fire giant (Depths:2)
  A stone giant (Depths:2)
  5 very ugly things (Depths:1)
  2 merfolk javelineers
  A deep elf death mage (Elf:3)
  A merfolk impaler (Shoals:4)
  A fire dragon (Depths:5)
  A crystal guardian (Desolation)
  A rakshasa (Depths:3)
  A ragged hierophant (Desolation)
  A spriggan air mage (Depths:2)
  2 naga warriors
  A merfolk avatar (Shoals:1)
  A servant of whispers (Desolation)
  A peacekeeper (Desolation)
  A centaur warrior (Depths:1)
  An ogre mage (Orc:2)
  A two-headed ogre (Orc:2)
  A shock serpent (Snake:1)
  A naga sharpshooter (Snake:4)
  A golden dragon zombie (Depths:2)
  3 ugly things
  2 slime creatures (Depths:1)
  A cyclops (Orc:2)
  A faun (Shoals:4)
  5 guardian serpents (Desolation)
  2 naga magi (Snake:4)
  A merfolk siren (Shoals:4)
  A torpor snail (Lair:6)
  2 yaktaurs (Depths:2)
  A komodo dragon (Lair:6)
  A freezing wraith (IceCv)
  An ice devil (IceCv)
  7 merfolk
  A polar bear (Lair:6)
  A troll (Orc:2)
  12 saltlings (Desolation)
  A hippogriff (Lair:6)
  2 spriggans
  A water elemental (Depths:1)
  10 nagas
  A boggart (Lair:6)
  3 ogres (Orc:2)
  8 wolves (Lair:6)
  A centaur (Depths:1)
  A worker ant (D:11)
106 creatures vanquished.

Vanquished Creatures (others)
  2 stone giants
  2 merfolk javelineers (Shoals:4)
  2 yaktaur captains
  A centaur warrior (Vaults:1)
  2 naga sharpshooters
  A deep elf knight (Elf:3)
  2 spatial maelstroms (Abyss:2)
  A deep elf archer (Elf:3)
  A deep elf mage (Elf:3)
  An orc knight (Vaults:4)
  A cyclops (Orc:2)
  A vault sentinel (Vaults:3)
  A hellion (Abyss:2)
  16 yaktaurs
  A hornet (Depths:4)
  A merfolk (Shoals:4)
  A raiju (Abyss:2)
  A spriggan (Depths:4)
  A large abomination (Abyss:2)
  A fire elemental (Depths:1)
  A naga (Snake:3)
  A small abomination (Abyss:2)
  A swamp drake (Depths:4)
  4 centaurs
  A lava snake (D:14)
  An iron imp (Abyss:2)
  2 white imps (IceCv)
  An orc (D:9)
  A bush (Lair:2)
  2 fungi (Lair:6)
  A lurking horror (Abyss:2)
  14 plants
  4 starspawn tentacles (Abyss:2)
  18 tentacles
  3 withered plants (Crypt:3)
95 creatures vanquished.

Grand Total: 2772 creatures vanquished

Notes
Turn   | Place    | Note
-------+----------+-------------------------------------------
     0 | D:1      | dvd the Troll Berserker began the quest for the Orb.
     0 | D:1      | Reached XP level 1. HP: 22/22 MP: 0/0
   197 | D:1      | Reached XP level 2. HP: 24/29 MP: 1/1
   402 | D:1      | Reached ** piety under Trog
   569 | D:1      | Reached XP level 3. HP: 36/36 MP: 2/2
   887 | D:2      | Found a radiant altar of Vehumet.
  1227 | D:2      | Reached XP level 4. HP: 45/45 MP: 3/3
  1732 | D:3      | Reached *** piety under Trog
  2026 | D:3      | Reached XP level 5. HP: 42/53 MP: 4/4
  2073 | D:3      | Found a burning altar of Makhleb.
  2074 | D:3      | Noticed an Executioner
  2210 | D:4      | Noticed a sky beast
  2228 | D:4      | Killed a sky beast
  2278 | D:4      | Reached XP level 6. HP: 45/61 MP: 5/5
  2368 | D:4      | Reached skill level 5 in Maces & Flails
  2456 | D:4      | Found an iron altar of Okawaru.
  2600 | D:4      | Found a stormy altar of Qazlal.
  2619 | D:4      | Found an ancient bone altar of Kikubaaqudgha.
  2737 | D:4      | Found a basalt altar of Yredelemnul.
  2823 | D:4      | Found a bloodstained altar of Trog.
  2958 | D:5      | Entered Level 5 of the Dungeon
  2980 | D:5      | Reached XP level 7. HP: 68/68 MP: 6/6
  3195 | D:5      | Found a sand-covered staircase.
  3238 | Ossuary  | Entered an ossuary
  3444 | Ossuary  | Reached **** piety under Trog
  3456 | Ossuary  | Reached XP level 8. HP: 78/78 MP: 7/7
  3497 | Ossuary  | Reached skill level 5 in Dodging
  3561 | Ossuary  | Got a fine rapier
  4006 | D:5      | Found a snail-covered altar of Cheibriados.
  4099 | D:6      | Found a staircase to the Ecumenical Temple.
  4099 | D:6      | Noticed Eustachio
  4107 | D:6      | Killed Eustachio
  4261 | D:6      | Reached skill level 5 in Fighting
  4535 | D:6      | Gained mutation: You possess an exceptional clarity of mind. [mutagenic meat]
  4536 | D:6      | Gained mutation: You have an increased reservoir of magic. (+10% MP) [mutagenic meat]
  4537 | D:6      | Gained mutation: You are occasionally teleported next to monsters. [mutagenic meat]
  4538 | D:6      | Gained mutation: Your spells are a little easier to cast, but a little less powerful. [mutagenic meat]
  4539 | D:6      | Gained mutation: Your mind is acute. (Int +2) [mutagenic meat]
  4540 | D:6      | Gained mutation: You passively map a small area around you. [mutagenic meat]
  4679 | D:6      | Reached XP level 9. HP: 70/88 MP: 8/8
  4733 | D:6      | Found an opulent altar of Gozag.
  5160 | D:6      | Found a sacrificial altar of Ru.
  5171 | D:6      | Found a white marble altar of Elyvilon.
  5244 | Temple   | Entered the Ecumenical Temple
  5683 | D:7      | Reached ***** piety under Trog
  5703 | D:7      | Identified the +6 rapier "Ucvao" {holy, rC+ Str+2} (You found it in an ossuary)
  5777 | D:7      | Found Nuonuq's Food Boutique.
  5781 | D:7      | Reached skill level 1 in Throwing
  5815 | D:7      | Received a gift from Trog
  6000 | D:7      | Reached skill level 1 in Shields
  6052 | D:7      | Noticed a troll
  6063 | D:7      | Killed a troll
  6283 | D:7      | Received a gift from Trog
  6495 | D:7      | Noticed a hand axe
  6495 | D:7      | Noticed a dagger
  6496 | D:7      | Found a hide-covered altar of Uskayaw.
  6505 | D:7      | Reached XP level 10. HP: 88/100 MP: 10/10
  6823 | D:8      | Reached skill level 1 in Armour
  6882 | D:8      | Found a flagged portal.
  6914 | Bailey   | Entered a bailey
  7254 | D:8      | Found a shattered altar of Ashenzari.
  7362 | D:8      | Found a staircase to the Lair.
  7522 | D:8      | Gained mutation: You are robust. (+10% HP) [potion of mutation]
  7522 | D:8      | Lost mutation: Your spells are a little easier to cast, but a little less powerful. [potion of mutation]
  7784 | Lair:1   | Entered Level 1 of the Lair of Beasts
  7784 | Lair:1   | Noticed a spiny frog
  7792 | Lair:1   | Killed a spiny frog
  7808 | Lair:1   | Noticed a black mamba
  7824 | Lair:1   | Killed a black mamba
  7824 | Lair:1   | Reached skill level 1 in Stealth
  7910 | Lair:1   | Reached skill level 10 in Maces & Flails
  7948 | Lair:1   | Received a gift from Trog
  7951 | Lair:1   | Reached XP level 11. HP: 61/119 MP: 11/11
  8090 | Lair:1   | Identified a scroll of acquirement
  8091 | Lair:1   | Got an ancient hat
  8097 | Lair:1   | Identified the +0 hat of Hochiol {rPois MR++ Str+3} (You acquired it on level 1 of the Lair of Beasts)
  8593 | Lair:2   | Found a staircase to the Shoals.
  8726 | Lair:2   | Noticed a five-headed hydra
  8733 | Lair:2   | Killed a five-headed hydra
  9439 | Lair:2   | Reached skill level 5 in Shields
  9627 | Lair:2   | Received a gift from Trog
  9628 | Lair:2   | Got a warped spear {god gift}
  9630 | Lair:2   | Identified the +4 spear of Soirishrifa {drain, rC++ rN+} (Trog gifted it to you on level 2 of the Lair of Beasts)
  9841 | Lair:3   | Reached XP level 12. HP: 130/130 MP: 12/12
  9951 | Lair:3   | Found a labyrinth entrance.
  9967 | Lab      | Entered a labyrinth
 10215 | Lab      | Noticed a minotaur
 10221 | Lab      | Killed a minotaur
 10632 | Lair:3   | Reached skill level 5 in Throwing
 11239 | Lair:4   | Found a staircase to the Snake Pit.
 11574 | Lair:4   | Reached ****** piety under Trog
 11806 | Lair:4   | Received a gift from Trog
 12046 | Lair:5   | Noticed Josephine
 12062 | Lair:5   | Killed Josephine
 12151 | Lair:5   | Found a runed door.
 12152 | Lair:5   | Found a viscous altar of Jiyva.
 12154 | Lair:5   | Found a staircase to the Slime Pits.
 12243 | Lair:5   | Noticed a five-headed hydra
 12247 | Lair:5   | Killed a five-headed hydra
 12291 | Lair:5   | Noticed a seven-headed hydra
 12301 | Lair:5   | Killed a seven-headed hydra
 12301 | Lair:5   | Reached XP level 13. HP: 143/143 MP: 13/13
 12302 | Lair:5   | Received a gift from Trog
 12664 | Lair:6   | Entered Level 6 of the Lair of Beasts
 13172 | Lair:6   | Paralysed by a hornet for 3 turns
 13590 | Lair:6   | Paralysed by a hornet for 1 turns
 13618 | Lair:6   | Got a blackened falchion
 13619 | Lair:6   | Identified the +1 falchion of Ihuom {holy, rF- MR+ Str+4 Dex+4} (You found it on level 6 of the Lair of Beasts)
 14157 | Lair:6   | Reached XP level 14. HP: 110/155 MP: 15/15
 14664 | D:9      | Received a gift from Trog
 14931 | D:9      | Noticed Gastronok
 14950 | D:9      | Killed Gastronok
 15576 | D:10     | Entered Level 10 of the Dungeon
 15584 | D:10     | Received a gift from Trog
 15590 | D:10     | Found Pijenn Qyrho's Jewellery Shoppe.
 16049 | D:10     | Found Afefummue's Book Boutique.
 16178 | D:11     | Found a staircase to the Orcish Mines.
 16280 | D:11     | Received a gift from Trog
 16374 | D:11     | Received a gift from Trog
 16414 | D:11     | Noticed Psyche
 16427 | D:11     | Killed Psyche
 16427 | D:11     | Reached skill level 10 in Fighting
 16882 | D:11     | Received a gift from Trog
 16985 | Orc:1    | Entered Level 1 of the Orcish Mines
 17126 | Orc:2    | Entered Level 2 of the Orcish Mines
 17257 | Orc:1    | Noticed Nergalle
 17268 | Orc:1    | Killed Nergalle
 17588 | Orc:2    | Found Rirch's Armour Shoppe.
 17660 | Orc:2    | Found Noyhujee's Distillery.
 17660 | Orc:2    | Found Xyurei's Distillery.
 17663 | Orc:2    | Found a staircase to the Elven Halls.
 17664 | Orc:2    | Noticed an orc warlord
 17675 | Orc:2    | Noticed Feta's ghost (journeyman HOFi)
 17763 | Orc:2    | Killed Feta's ghost
 17767 | Orc:2    | Killed an orc warlord
 17771 | Orc:2    | Received a gift from Trog
 18283 | Orc:2    | Found Zeusch's Book Boutique.
 18321 | Orc:2    | Found Meguorem's Jewellery Shop.
 18699 | D:12     | Noticed Urug
 18703 | D:12     | Killed Urug
 18765 | D:12     | Noticed Azrael
 18780 | D:12     | Killed Azrael
 18780 | D:12     | Reached XP level 15. HP: 141/167 MP: 5/16
 19454 | D:13     | Received a gift from Trog
 19529 | D:13     | Got a brightly glowing flail {god gift}
 19530 | D:13     | Identified the +5 flail of a ziggurat {crush, rN+ Dex+3 SInv} (Trog gifted it to you on level 13 of the Dungeon)
 20114 | D:13     | Noticed Sonja
 20116 | D:13     | Killed Sonja
 20294 | D:14     | Got jewelled fire dragon scales
 20305 | D:14     | Identified the +6 fire dragon scales of Jaamim {rF++ rC- rCorr Str+8 Int+3} (You acquired it on level 14 of the Dungeon)
 20424 | D:10     | Bought an uncursed ring of protection from cold for 375 gold pieces
 20752 | D:14     | Received a gift from Trog
 21080 | D:14     | Found a gate to the Vaults.
 21127 | D:14     | Reached skill level 10 in Shields
 21134 | D:14     | Reached skill level 15 in Maces & Flails
 21435 | D:14     | Reached skill level 5 in Armour
 21683 | D:15     | Entered Level 15 of the Dungeon
 21685 | D:15     | Reached skill level 1 in Evocations
 21751 | D:15     | Found an ancient bone altar of Kikubaaqudgha.
 21835 | D:15     | Received a gift from Trog
 21858 | D:15     | Noticed HEYYEYAAE's ghost (journeyman TrBe)
 21876 | D:15     | Killed HEYYEYAAE's ghost
 22226 | D:15     | Received a gift from Trog
 22548 | D:15     | Found a staircase to the Depths.
 22665 | D:15     | Reached skill level 10 in Dodging
 22710 | D:15     | Found a runed door.
 22712 | D:15     | Noticed a tengu reaver
 22712 | D:15     | Noticed a sphinx
 22713 | D:15     | Noticed a tengu reaver
 22750 | D:15     | Reached XP level 16. HP: 175/178 MP: 5/17
 22920 | D:15     | Killed a tengu reaver
 23023 | D:15     | Killed a sphinx
 23033 | D:15     | Received a gift from Trog
 23048 | D:15     | Got a transparent iron ring
 23056 | D:15     | Identified the ring of Heuxoet {rCorr rN+ MR++ Slay-2} (You found it on level 15 of the Dungeon)
 23371 | Snake:1  | Entered Level 1 of the Snake Pit
 23742 | Snake:1  | Noticed Frances
 23758 | Snake:1  | Killed Frances
 24207 | Snake:2  | Noticed Saint Roka
 24662 | Snake:1  | Received a gift from Trog
 24986 | Snake:2  | Killed Saint Roka
 25225 | Snake:2  | Found Ohehi's Food Emporium.
 25861 | Snake:3  | Found a frozen archway.
 26023 | IceCv    | Entered an ice cave
 26597 | IceCv    | Received a gift from Trog
 26647 | IceCv    | Noticed an Ice Fiend
 26677 | IceCv    | Killed an Ice Fiend
 26677 | IceCv    | Reached XP level 17. HP: 60/189 MP: 6/18
 26852 | Snake:3  | Received a gift from Trog
 27004 | Snake:3  | Received a gift from Trog
 27228 | Snake:3  | Found Boud Hann's Distillery.
 27358 | Snake:3  | Noticed Asterion
 27367 | Snake:3  | Killed Asterion
 27367 | Snake:3  | Reached skill level 10 in Throwing
 28096 | Snake:4  | Entered Level 4 of the Snake Pit
 28123 | Snake:4  | Found Wuydapueg's Magic Scroll Shoppe.
 28220 | Snake:4  | Received a gift from Trog
 28578 | Snake:4  | Received a gift from Trog
 28670 | Snake:4  | Received a gift from Trog
 28736 | Snake:4  | Found Xolagruje's Book Shop.
 28911 | Snake:4  | Found Meguorem's Magic Scroll Shoppe.
 28946 | Snake:4  | Received a gift from Trog
 29012 | Snake:4  | Found Xiutwim's Armour Shop.
 29406 | Snake:4  | Got a serpentine rune of Zot
 29670 | Shoals:1 | Entered Level 1 of the Shoals
 29720 | Shoals:1 | Got a scorched tin amulet
 29721 | Shoals:1 | Identified the amulet "Fiephosu" {RegenMP rElec MR+ Int-3} (You found it on level 1 of the Shoals)
 30061 | Shoals:1 | Reached XP level 18. HP: 171/200 MP: 6/19
 31244 | Shoals:2 | Received a gift from Trog
 31764 | Shoals:3 | Received a gift from Trog
 32432 | Shoals:4 | Entered Level 4 of the Shoals
 32540 | Shoals:4 | Noticed Ilsuiw
 32732 | Shoals:4 | Killed Ilsuiw
 33313 | Shoals:4 | Got a barnacled rune of Zot
 33423 | Shoals:4 | Reached skill level 1 in Axes
 33804 | Shoals:4 | Received a gift from Trog
 34553 | Vaults:1 | Entered Level 1 of the Vaults
 34624 | Vaults:1 | Reached XP level 19. HP: 76/211 MP: 6/20
 35230 | Vaults:1 | Received a gift from Trog
 35598 | Vaults:1 | Received a gift from Trog
 35805 | Vaults:1 | Found Wagyci's Weapon Boutique.
 35997 | Vaults:1 | Reached skill level 10 in Armour
 36001 | Vaults:1 | Received a gift from Trog
 36056 | Vaults:1 | Received a gift from Trog
 36252 | Vaults:1 | Received a gift from Trog
 36375 | Vaults:2 | Reached skill level 15 in Shields
 36545 | Vaults:2 | Found a ruined gateway.
 36571 | Desolati | Entered the Desolation of Salt
 36612 | Desolati | Noticed TotoDurand's ghost (adept FoFi)
 36627 | Desolati | Killed TotoDurand's ghost
 36933 | Desolati | Received a gift from Trog
 36998 | Desolati | Received a gift from Trog
 37161 | Desolati | Reached skill level 5 in Axes
 37329 | Desolati | Received a gift from Trog
 37382 | Desolati | Reached XP level 20. HP: 222/222 MP: 7/22
 37521 | Desolati | Got a fine mace
 37522 | Desolati | Identified the +8 mace of Past Mistakes {crush, rC+ MP+9} (You found it in the Desolation of Salt)
 37605 | Desolati | Received a gift from Trog
 40268 | Elf:1    | Entered Level 1 of the Elven Halls
 40280 | Elf:1    | Received a gift from Trog
 40285 | Elf:1    | Got an ichor-stained short sword {god gift}
 40545 | Elf:1    | Identified the +2 short sword "Odgholosi" {flame, rElec Int+3} (Trog gifted it to you on level 1 of the Elven Halls)
 40774 | Elf:1    | Received a gift from Trog
 41479 | Elf:2    | Found a portal to a secret trove of treasure.
 41533 | Elf:2    | You paid a toll of 20 scrolls of identify to enter a treasure trove
 41534 | Trove    | Entered a treasure trove
 41560 | Trove    | Got a jewelled large shield
 41571 | Trove    | Identified the +2 large shield of Rega {rF- rC+ MR++} (You found it in a treasure trove)
 41584 | Trove    | Got an encrusted large shield
 41595 | Trove    | Identified the +7 large shield "Otira" {Regen+ Int-3 Dex+4} (You found it in a treasure trove)
 41595 | Trove    | Lost intelligence.
 41631 | Trove    | Got a fine cloak
 41642 | Trove    | Identified the +1 cloak "Nahada" {-Tele rCorr Slay+2 SInv} (You found it in a treasure trove)
 41658 | Trove    | Got a shimmering robe
 41669 | Trove    | Identified the +1 robe of Aczixt {Int+2} (You found it in a treasure trove)
 41872 | Elf:2    | Found a flickering gateway to a bazaar.
 41889 | Bazaar   | Entered a bazaar
 41889 | Bazaar   | Found Iblari Siefu's Food Shoppe.
 41889 | Bazaar   | Found Vydis's General Store.
 41889 | Bazaar   | Found Douh's Distillery.
 41889 | Bazaar   | Found Foezac's Food Shop.
 41891 | Bazaar   | Found Geaduats's General Store.
 41891 | Bazaar   | Found Ominuo's Armour Shop.
 41918 | Bazaar   | Bought a potion of haste for 140 gold pieces
 41918 | Bazaar   | Bought a potion of heal wounds for 70 gold pieces
 41921 | Bazaar   | Bought 2 potions of heal wounds for 110 gold pieces
 41921 | Bazaar   | Bought a potion of heal wounds for 55 gold pieces
 42000 | Elf:2    | Found a huge runed gate.
 42000 | Elf:2    | Found a huge runed gate.
 42000 | Elf:2    | Found a huge runed gate.
 42007 | Elf:2    | Found a huge runed gate.
 42008 | Elf:2    | Found a huge runed gate.
 42031 | Elf:2    | Received a gift from Trog
 42108 | Elf:2    | Got a crude lead ring
 42110 | Elf:2    | Identified the ring of Lurghe Reiroa {Fire Slay+3 SInv} (You acquired it on level 2 of the Elven Halls)
 42116 | Elf:2    | Reached XP level 21. HP: 234/234 MP: 7/23
 42743 | Elf:2    | Identified the Catalogue of Sand
 42749 | Elf:2    | Received a gift from Trog
 43026 | Elf:3    | Entered Level 3 of the Elven Halls
 43076 | Elf:3    | Received a gift from Trog
 43451 | Elf:3    | Received a gift from Trog
 43485 | Elf:3    | Received a gift from Trog
 43522 | Elf:3    | Received a gift from Trog
 43528 | Elf:3    | Got a translucent giant club {god gift}
 43716 | Elf:3    | Identified the +5 giant club of Ileteg {crush, -Tele rPois Str+6} (Trog gifted it to you on level 3 of the Elven Halls)
 44586 | Elf:3    | Received a gift from Trog
 45407 | Vaults:2 | Received a gift from Trog
 45591 | Vaults:3 | Received a gift from Trog
 45698 | Vaults:3 | Reached XP level 22. HP: 246/246 MP: 8/24
 46238 | Vaults:3 | Noticed Sojobo
 46251 | Vaults:3 | Killed Sojobo
 46260 | Vaults:3 | Received a gift from Trog
 46472 | Vaults:3 | Got a scorched granite ring
 46474 | Vaults:3 | Identified the ring of the Exiled Lies {rC+ AC+2 Str-5 Stlth+} (You found it on level 3 of the Vaults)
 46517 | Vaults:3 | Received a gift from Trog
 47119 | Vaults:3 | Found a staircase to the Crypt.
 47222 | Vaults:3 | Received a gift from Trog
 48291 | Vaults:4 | Received a gift from Trog
 48843 | Vaults:4 | Reached skill level 15 in Fighting
 48933 | Vaults:4 | Reached XP level 23. HP: 258/258 MP: 8/25
 49753 | Depths:1 | Entered Level 1 of the Depths
 49778 | D:15     | Reached skill level 10 in Axes
 49871 | D:15     | Received a gift from Trog
 50188 | Depths:1 | Found a one-way gate leading to the halls of Pandemonium.
 50217 | Depths:1 | Found a gateway to a ziggurat.
 50237 | Depths:1 | Received a gift from Trog
 50838 | Depths:1 | Identified the Compendium of Fire
 51052 | Depths:1 | Identified the Handbook of Curses
 51086 | Depths:1 | Found Lameob's Weapon Shop.
 51244 | Depths:1 | Received a gift from Trog
 51246 | Depths:1 | Identified the Reference Book on Poison
 51482 | Depths:1 | Noticed Bai Suzhen
 51498 | Depths:1 | Killed Bai Suzhen
 51571 | Depths:1 | Received a gift from Trog
 51772 | Depths:1 | Identified the Disquisition on Earth
 52163 | Depths:1 | Found a gateway to Hell.
 52240 | Depths:2 | Paralysed by a floating eye for 4 turns
 52712 | Depths:2 | Received a gift from Trog
 53131 | Depths:2 | Noticed the Enchantress
 53620 | Depths:2 | Found Xonte's Food Boutique.
 53917 | Depths:2 | Lost mutation: You are robust. (+10% HP) [mutagenic meat]
 53918 | Depths:2 | Lost mutation: You possess an exceptional clarity of mind. [mutagenic meat]
 53919 | Depths:2 | Gained mutation: You expend magic power (3 MP) to strengthen your wands. [mutagenic meat]
 53920 | Depths:2 | Gained mutation: You are partially covered in icy blue scales. (AC +2) [mutagenic meat]
 53921 | Depths:2 | Gained mutation: You have sharp toenails. [mutagenic meat]
 53943 | Depths:2 | Killed the Enchantress
 53967 | Depths:2 | Got faerie dragon scales
 54362 | Depths:3 | Found a one-way gate to the infinite horrors of the Abyss.
 54366 | Depths:3 | Received a gift from Trog
 54429 | Depths:3 | Reached XP level 24. HP: 242/242 MP: 17/25
 54810 | Depths:3 | Gained mutation: You are resistant to hostile enchantments. (MR+) [potion of mutation]
 55104 | Depths:3 | Received a gift from Trog
 55146 | Depths:3 | Identified the +2 faerie dragon scales {rCorr Slay+3} (You took it off the Enchantress on level 2 of the Depths)
 55549 | Depths:3 | Lost mutation: You expend magic power (3 MP) to strengthen your wands. [mutagenic meat]
 55658 | Depths:3 | Gained mutation: You are highly resistant to hostile enchantments. (MR++) [mutagenic meat]
 55732 | Depths:3 | Gained mutation: You have a pair of small horns on your head. [mutagenic meat]
 55733 | Depths:3 | Lost mutation: You have sharp toenails. [mutagenic meat]
 55734 | Depths:3 | Gained mutation: You have sharp toenails. [mutagenic meat]
 55818 | Depths:3 | Received a gift from Trog
 56250 | Depths:4 | Received a gift from Trog
 56573 | Depths:4 | Lost mutation: You are occasionally teleported next to monsters. [mutagenic meat]
 56576 | Depths:4 | Gained mutation: You have supernaturally acute eyesight. (SInv) [mutagenic meat]
 56577 | Depths:4 | Lost mutation: You passively map a small area around you. [mutagenic meat]
 56578 | Depths:4 | Lost mutation: You are partially covered in icy blue scales. (AC +2) [mutagenic meat]
 56579 | Depths:4 | Lost intelligence.
 56579 | Depths:4 | Lost mutation: Your mind is acute. (Int +2) [mutagenic meat]
 56583 | Depths:4 | Gained mutation: You are robust. (+10% HP) [mutagenic meat]
 56861 | Depths:4 | Reached skill level 15 in Armour
 57168 | Depths:4 | Got an encrusted trident
 57192 | Depths:4 | Identified the +9 trident "Zasetz" {distort, +Blink rC+ Str+4} (You found it on level 4 of the Depths)
 57440 | Depths:4 | Received a gift from Trog
 57513 | Depths:4 | Reached skill level 1 in Polearms
 57914 | Depths:4 | Voluntarily entered the Abyss.
 58407 | Abyss:2  | Lost intelligence.
 58455 | Abyss:2  | Found an opulent altar of Gozag.
 58663 | Abyss:2  | Reached XP level 25. HP: 207/256 MP: 25/25
 58816 | Abyss:2  | Received a gift from Trog
 58893 | Depths:4 | Escaped the Abyss
 59030 | Depths:5 | Entered Level 5 of the Depths
 59378 | Depths:5 | Received a gift from Trog
 59513 | Depths:5 | Found a gate to the Realm of Zot.
 60074 | Depths:5 | Reached skill level 15 in Throwing
 60533 | Depths:5 | Received a gift from Trog
 61295 | Temple   | Fell from the grace of Trog
 61295 | Temple   | Became a worshipper of the Shining One
 61731 | Crypt:1  | Entered Level 1 of the Crypt
 61785 | Crypt:1  | Reached * piety under the Shining One
 61856 | Crypt:1  | Reached ** piety under the Shining One
 61990 | Crypt:1  | Reached *** piety under the Shining One
 62319 | Crypt:1  | Reached **** piety under the Shining One
 62375 | Crypt:1  | Reached skill level 1 in Invocations
 62891 | Crypt:2  | Reached ***** piety under the Shining One
 63341 | Crypt:2  | Reached XP level 26. HP: 295/295 MP: 26/26
 63474 | Crypt:2  | Reached ****** piety under the Shining One
 63578 | Crypt:3  | Entered Level 3 of the Crypt
 64016 | Crypt:3  | Found a staircase to the Tomb.
 64016 | Crypt:3  | Noticed a greater mummy
 64038 | Crypt:3  | Killed a greater mummy
 64151 | Crypt:3  | HP: 14/295 [stone giant[the rage of Trog] (51)]
 64152 | Crypt:3  | Mangled by a stone giant

Vault maps used:
D:1:      ncdulo_smallfort, minmay_misc_feat_alley
D:2:      lemuel_coloured_pillars_altar, first_bread
D:3:      makhleb_altar_promises_db
D:4:      kiku_gazebo_pond_becter, nicolae_overflow_hidden_temple,
          grunt_qazlal_clouds, lemuel_zombie_altar_yredelemnul,
          okawaru_metal_pillars_3
D:5:      cheibrodos_worm_habitat, nicolae_ossuary_entry_catacombs
D:6:      grunt_gozag_breadcrumbs, amethyst_overflow_temple_binary,
          minmay_unpleasant_kobolds, uniq_eustachio
D:7:      dancing_weapons_uskayaw, serial_shops, nicolae_shop_stone
D:8:      ashenzari_altar_1, david_lair_shrubbed, enter_bailey_7
D:9:      serial_ice, serial_ice_j, serial_ice_a, serial_ice_m, serial_ice_h,
          serial_ice_e, serial_ice_f, serial_ice_g, serial_ice_b, serial_ice_d,
          serial_ice_n, uniq_gastronok
D:10:     serial_shops, nicolae_shop_temple_entry_statues_fountains,
          kennysheep_little_box
D:11:     orc_0_dummy, hangedman_fish_farm, minivault_16, nicolae_two_hexagons,
          uniq_psyche
D:12:     minivault_8, uniq_urug, uniq_azrael
D:13:     uniq_sonja
D:14:     grunt_vaults_entry_tiered, nicolae_lava_and_water
D:15:     grunt_enter_depths_snipers, basic_altar, minmay_hidden_floor
Temple:   compressed_dpeg_triangle_lava_temple
Lair:1:   beast_lair_carwin_large_1
Lair:2:   minmay_shoals_entry_centaurs, serial_forest,
          infiniplex_forest_fountain, infiniplex_forest_end_2,
          infiniplex_forest_clump_large, infiniplex_forest_lined_room_3,
          infiniplex_forest_corner_2, infiniplex_forest_corner_2,
          infiniplex_forest_clump_double, serial_bayou_shore_a
Lair:3:   lab_entry_generic
Lair:4:   guppyfry_snake_entry_island, minmay_lair_oklob_items
Lair:5:   slime_altar_2, uniq_josephine
Lair:6:   minmay_lair_end_enchanted_forest, grunt_megastairs_3
Shoals:4: shoals_end_grunt_ice, shoals_ilsuiw_alternative,
          nicolae_shoals_square_sea_wall, uniq_ilsuiw
Snake:1:  uniq_frances
Snake:2:  serial_shops, shop, grunt_megastairs_1, uniq_saint_roka
Snake:3:  portal_ice_cave_entry_dragon, serial_shops, shop, uniq_asterion
Snake:4:  minmay_snake_end_coiled, serial_shops, shop, shop,
          nicolae_shop_statue_plus, shop
Orc:1:    uniq_nergalle
Orc:2:    st_orc_open, serial_shops, shop
Elf:1:    minmay_elf_arrival_plus, minivault_28, minmay_elf_sorcery
Elf:2:    enter_trove_2, serial_shops, bzr_entry_lakeside, spider_trap,
          bh_hangedman_babel_library
Elf:3:    elf_hall_gauntlet_wide, hangedman_elven_crosses_minicolossus
Vaults:1: v_misc_5, grunt_vaults_funnel, nicolae_vaults_little_ls,
          vaults_standard_mumra_lines, hangedman_vaults_variations,
          nicolae_vaults_three_branches, nicolae_vaults_yaktaur_gun_rack,
          v_alt_pattern_4, nicolae_vaults_little_squares_2,
          ontoclasm_vaults_hangar, vaults_dpeg_spiral, v_alt_pattern_1,
          v_misc_8, vaults_room_semicircle, ontoclasm_vaults_twist,
          serial_shops, nicolae_shop_stone
Vaults:2: vaults_dpeg_cross, v_misc_12, nicolae_vaults_gold_heap,
          nicolae_vaults_big_angled_halls, v_rooms_1, grunt_vaults_swirl,
          hangedman_vaults_corner_blocks, ontoclasm_vaults_spin,
          vaults_mumra_chevron, ontoclasm_vaults_ligature,
          nicolae_vaults_ring_of_whatevers, nicolae_vaults_specimen_jars,
          v_misc_11, nicolae_vaults_network_barrier, nicolae_vaults_rhombus_6,
          portal_desolation_entry_salt
Vaults:3: minmay_crypt_entry_simple_statues, hangedman_vaults_maws,
          ontoclasm_vaults_hangar, hangedman_vaults_cutoff,
          hangedman_vaults_capsules, nicolae_vaults_meeting,
          hangedman_vaults_maws, nicolae_vaults_theta,
          nicolae_vaults_border_crossing, v_misc_29,
          nicolae_vaults_shelves_hall, vaults_dpeg_diagonal, uniq_sojobo
Vaults:4: st_lattice, ontoclasm_vaults_pinch, v_rooms_6, vaults_dpeg_hooks,
          grunt_vaults_focal, ontoclasm_vaults_gateway,
          ontoclasm_vaults_decontamination, vaults_mumra_hexcomb, v_misc_16,
          hangedman_vaults_maws
Crypt:1:  st_stairs_14
Crypt:2:  basic_stair_grate_trap
Crypt:3:  evilmike_haunted_forest, uniq_mara
Depths:1: enter_ziggurat_e, hangedman_glass_teeth, serial_hangedman_research,
          hangedman_research_geology, hangedman_research_toxicology,
          hangedman_research_probablistics, hangedman_research_pyrotechnics,
          grunt_hell_entry_dis_mu, serial_shops, shop, rand_demon_pan_entry_4,
          dk_noncrumbling_3, kennysheep_generic_room_15, serial_bayou_shore_b,
          uniq_bai_suzhen
Depths:2: four-leaf_vault, hangedman_coc_ice_floe, infiniplex_staircase_pool_2,
          serial_bayou_shore_b, minmay_shop_star, uniq_enchantress
Depths:3: kennysheep_large_spiral, minmay_room_of_horrors, minmay_crystal_room,
          pan_entry, hangedman_tar_grid_catacomb, laboratory
Depths:4: gold_lair_mu, hell_entry, abyss_entry
Depths:5: grunt_zot_entry_tricorne, nicolae_water_bricks, hell_entry
Lab:      labyrinth_hidden_loot, nicolae_lab_plus, nicolae_lab_diamond,
          nicolae_lab_grate
Bazaar:   bazaar_minmay_generic_island
Trove:    trove_armour_2
Ossuary:  ossuary_tomb_2
Bailey:   bailey_axe_1, bailey
IceCv:    ice_cave_caverns_02

Skill      XL: |  1  2  3  4  5  6  7  8  9 10 11 12 13 14 15 16 17 18 19 20 21 22 23 24 25 26 |
---------------+-------------------------------------------------------------------------------+-----
Maces & Flails | 3 4 5 6 7 9 10 11 12 13 14 15 16 17 18 | 18.5
Fighting       | 3 4 5 6 7 8 9 10 11 12 13 14 15 16 | 16.9
Dodging        | 3 4 5 6 7 8 9 10 11 | 11.3
Throwing       | 2 3 4 5 6 7 8 9 10 11 12 13 14 15 | 15.2
Shields        | 1 3 5 6 8 9 10 12 13 14 15 16 17 18 | 18.8
Armour         | 2 3 4 5 6 8 9 10 11 12 13 14 15 16 | 16.2
Stealth        | 1 2 3 |  3.0
Evocations     | 1 |  1.5
Axes           | 2 5 7 9 11 13 | 13.3
Polearms       | 2 3 |  3.5
Invocations    | 2 3 |  3.5

Action                   |  1- 3 |  4- 6 |  7- 9 | 10-12 | 13-15 | 16-18 | 19-21 | 22-24 | 25-27 || total
-------------------------+-------+-------+-------+-------+-------+-------+-------+-------+-------++-------
Melee: Mace              |   146 |   239 |   500 |   791 |   466 |       |    79 |    94 |    14 ||  2329
       Scythe            |       |       |       |     3 |       |       |       |       |       ||     3
       Eveningstar       |       |       |       |       |   792 |  1133 |   936 |   772 |   224 ||  3857
       Flail             |       |       |       |       |    98 |    24 |    63 |    16 |       ||   201
       War axe           |       |       |       |       |       |    34 |   305 |   452 |   448 ||  1239
       Kick              |       |       |       |       |       |       |       |   317 |   446 ||   763
       Trident           |       |       |       |       |       |       |       |   187 |    99 ||   286
       Headbutt          |       |       |       |       |       |       |       |   129 |   337 ||   466
       Broad axe         |       |       |       |       |       |       |       |       |    52 ||    52
Throw: Tomahawk          |       |       |    17 |    89 |    46 |       |       |    13 |       ||   165
       Large rock        |       |       |     9 |    36 |   191 |   426 |   303 |   399 |   126 ||  1490
       Javelin           |       |       |       |       |     9 |    20 |    23 |     6 |       ||    58
Invok: Berserk           |       |     3 |     4 |     8 |     6 |     6 |     2 |     6 |       ||    35
       Trog's Hand       |       |     1 |       |       |     2 |     6 |     4 |     5 |     1 ||    19
       Burn Spellbooks   |       |       |       |     2 |       |     3 |    10 |     8 |       ||    23
       Brothers in Arms  |       |       |       |       |     3 |    11 |     6 |     8 |     2 ||    30
       Divine Shield     |       |       |       |       |       |       |       |       |     1 ||     1
Evoke: Wand              |       |       |       |     8 |    16 |    16 |       |     6 |       ||    46
       Sack of spiders   |       |       |       |     2 |       |       |       |       |       ||     2
  Use: Scroll            |       |    10 |    10 |    13 |    18 |    14 |    10 |    15 |     2 ||    92
       Potion            |       |       |       |    12 |     1 |     4 |     4 |     7 |     1 ||    29
 Stab: Sleeping          |     2 |       |     2 |     1 |    10 |       |       |       |       ||    15
       Paralysed         |       |       |       |       |     1 |       |       |     2 |       ||     3
       Invisible         |       |       |       |       |       |     2 |       |       |       ||     2
       Distracted        |       |       |       |       |       |       |     2 |     3 |       ||     5
       Petrifying        |       |       |       |       |       |       |       |     4 |       ||     4
  Eat: Chunk             |    17 |    17 |    42 |    61 |   111 |   112 |   116 |   146 |    36 ||   658
       Meat ration       |       |       |     1 |       |       |       |       |       |       ||     1
       Royal jelly       |       |       |       |       |       |     5 |       |       |     2 ||     7
       Bread ration      |       |       |       |       |       |       |       |       |     3 ||     3
Armor: Animal skin       |    76 |   136 |   201 |       |       |       |       |       |       ||   413
       Troll leather arm |       |       |     5 |   274 |   226 |       |       |       |       ||   505
       Fire dragon scale |       |       |       |       |   133 |   381 |   242 |       |       ||   756
       Robe              |       |       |       |       |     2 |       |       |       |       ||     2
       Gold dragon scale |       |       |       |       |       |       |   152 |   648 |   309 ||  1109
Dodge: Dodged            |    94 |   138 |   265 |   322 |   513 |   503 |   436 |   392 |   225 ||  2888
Block: Shield            |       |       |    37 |   191 |   824 |  1314 |  1261 |  1419 |   840 ||  5886
       Large shield      |       |       |       |   285 |    33 |       |       |       |       ||   318
       Reflection        |       |       |       |       |    60 |   143 |   107 |   110 |    15 ||   435
